 Dungeon Crawl Stone Soup version 0.21-a0-55-gb612c23 (webtiles) character file.

318155 grindst0ne the Imperceptible (level 20, -6/159 HPs)
             Began as a Vampire Enchanter on June 12, 2017.
             Was the Champion of Ru.
             Mangled by Cigotuvi's Monster (25 damage)
             ... in a wizard's laboratory on June 14, 2017.
             The game lasted 07:41:38 (93801 turns).

grindst0ne the Imperceptible (Vampire Enchanter)   Turns: 93801, Time: 07:41:39

Health: -6/159     AC:  0    Str:  7    XL:     20   Next: 57%
Magic:  17/26      EV: 39    Int: 19    God:    Ru [******]
Gold:   2512       SH:  0    Dex: 27    Spells: 10/23 levels left

rFire    . . .     SeeInvis +   (weapon currently unavailable)
rCold    + + .     Gourm    .   (shield currently unavailable)
rNeg     + + +     Faith    .   (armour currently unavailable)
rPois    ∞         Spirit   .   (helmet currently unavailable)
rElec    .         Reflect  .   (cloak currently unavailable)
rCorr    .         Harm     .   (gloves currently unavailable)
MR       ++...                  (boots currently unavailable)
Stlth    ++++++++++             X - amulet "Ygokad" {RegenMP rF+ rC+}
HPRegen  0.00/turn              (ring currently unavailable)
MPRegen  0.45/turn              (ring currently unavailable)

@: about to teleport, bat-form, no potions, flying, very slightly contaminated,
bloodless, non-regenerating, constricted, very quick
A: fangs 3, see invisible, inability to drink while threatened, hated by all, no
poison magic, no summoning magic, no transmutations magic, temperature sensitive
}: 2/15 runes: barnacled, gossamer
a: End Transformation, Draw Out Power, Power Leap, Apocalypse, Renounce Religion


You were in a wizard's laboratory.
You worshipped Ru.
Ru was exalted by your worship.
You were bloodless.
You were in vampire-bat-form.
You visited 7 branches of the dungeon, and saw 35 of its levels.
You visited the Abyss 2 times.
You also visited: Ice Cave and Wizlab.

You collected 4095 gold pieces.
You spent 1583 gold pieces at shops.

Inventory:

Hand Weapons
 O - the +11 rapier "Meohaet" (melded) {venom, Int+2}
   (You bought it in a shop on level 2 of the Orcish Mines)

   It poisons the flesh of those it strikes.
   It affects your intelligence (+2).
 W - a +9 quick blade of freezing
Missiles
 b - 13 throwing nets (quivered)
Armour
 c - a +1 pair of boots (melded)
 t - a +2 helmet (melded)
 v - a +2 pair of gloves (melded)
 y - a +1 cloak of invisibility (melded)
 G - +6 acid dragon scales (melded)
Jewellery
 f - the amulet of Jiggov {+Rage +Fly rElec rN++ Int-2}
   (You found it in a wizard's laboratory)

   [amulet of rage]

   It affects your intelligence (-2).
   It insulates you from electricity.
   It greatly protects you from negative energy.
   It lets you fly.
   It lets you go berserk.
 n - an uncursed ring of protection from magic
 x - a +6 ring of protection (melded)
 J - the amulet of Kiebok {Inacc rElec rF+ MR-}
   (You found it on level 7 of the Dungeon)

   [amulet of inaccuracy]

   It reduces the accuracy of all your attacks.
   It protects you from fire.
   It insulates you from electricity.
   It affects your resistance to hostile enchantments.
 P - the ring "Neiq Ohoejea" (melded) {rC+ Int+5}
   (You found it in an ice cave)

   [ring of protection from cold]

   It affects your intelligence (+5).
   It protects you from cold.
 Q - an uncursed ring of protection from cold
 S - an uncursed ring of protection from fire
 X - the amulet "Ygokad" (around neck) {RegenMP rF+ rC+}
   (You acquired it on level 1 of the Shoals)

   [amulet of magic regeneration]

   It increases your magic regeneration.
   It protects you from fire.
   It protects you from cold.
Wands
 k - a wand of disintegration (9/24)
 p - a wand of paralysis (6/24)
 s - a wand of iceblast (1/15)
 u - a wand of acid (3/15)
 w - a wand of iceblast (6/15)
 E - a wand of flame (12/48)
 H - a wand of confusion (20/48)
 L - a wand of acid (8/15)
 Y - a wand of acid (5/15)
 Z - a wand of digging (0/24)
Scrolls
 a - 7 scrolls of amnesia
 d - a scroll of enchant armour
 e - 9 scrolls of enchant weapon
 j - 2 scrolls of magic mapping
 l - 27 scrolls of remove curse
 D - 4 scrolls of teleportation
 M - 4 scrolls of fear
 U - 6 scrolls of blinking
 V - 2 scrolls of fog
Potions
 g - 2 potions of curing
 h - 2 potions of heal wounds
 i - 3 potions of resistance
 m - 2 potions of invisibility
 o - 2 potions of might
 q - 20 potions of blood
 r - a potion of agility
 z - 3 potions of haste
 A - 7 potions of ambrosia
 B - a potion of mutation
 C - 8 potions of brilliance
 K - 2 potions of flight
 T - 2 potions of cancellation
Books
 N - Cigotuvi's Grimoire of the Apprentice
   (You found it in a wizard's laboratory)

   Spells                             Type                      Level
   a - Sublimation of Blood           Necromancy                   2
   b - Animate Dead                   Necromancy                   4
   c - Yara's Violent Unravelling     Hexes/Transmutation          5
   d - Cigotuvi's Embrace             Necromancy                   5
   e - Statue Form                    Transmutation/Earth          6
Miscellaneous
 F - a lamp of fire
 I - 2 boxes of beasts


   Skills:
 - Level 14.1 Fighting
 - Level 14.1 Short Blades
 - Level 6.2 Armour
 + Level 19.0 Dodging
 + Level 23.5 Stealth
 - Level 2.0 Spellcasting
 - Level 23.1 Hexes
 - Level 9.0 Evocations


You had 10 spell levels left.
You knew the following spells:

 Your Spells              Type           Power        Failure   Level  Hunger
a - Confuse               Hex            ######..     0%          3    ###....
b - Ensorcelled Hibernat  Hex/Ice        #####.       1%          2    ###....
c - Tukima's Dance        Hex            ######..     0%          3    ###....
d - Corona                Hex            ######.      0%          1    #......
e - Slow                  Hex            ######..     0%          2    ###....
f - Blink                 Tloc           N/A          26%         2    ###....


Dungeon Overview and Level Annotations

Branches:
Dungeon (15/15)            Temple (1/1) D:4            Lair (6/6) D:10
 Shoals (4/4) Lair:3       Spider (4/4) Lair:4        Slime (0/5) Lair:5
    Orc (2/2) D:10            Elf (0/3) Orc:2        Vaults (3/5) D:13
  Crypt (0/3) Vaults:2     Depths (0/5) D:15

Altars:
Ashenzari
Cheibriados
Dithmenos
Elyvilon
Fedhas
Gozag
Hepliaklqana
Kikubaaqudgha
Makhleb
Nemelex Xobeh
Okawaru
Qazlal
Ru
Sif Muna
Trog
Uskayaw
Vehumet
Wu Jian
Xom
Yredelemnul
Zin
The Shining One
Beogh
Jiyva

Shops:
D:7 *   D:8 *   D:9 *   D:10 :   D:12 =[?*   D:15 (   Orc:2 ([((

Annotations:
D:10 1 runed door
D:13 exclusion: downstairs
D:14 exclusion: ice statue
Lair:5 exclusion: downstairs
Spider:2 exclusion: Roxanne, Roxanne


Innate Abilities, Weirdness & Mutations

You do not heal naturally.
You are immune to poison.
You have razor-sharp teeth.
You have supernaturally acute eyesight. (SInv)
((You can survive without breathing.))
You cannot drink potions while threatened.
You are hated by all.
You cannot study or cast Poison magic.
You cannot study or cast Summoning magic.
You cannot study or cast Transmutations magic.
You are sensitive to extremes of temperature. (rF-, rC-)


Message History

Cigotuvi's Monster constricts you!
As you read the scroll of teleportation, it crumbles to dust.
You feel strangely unstable. Cigotuvi's Monster hits you!
Cigotuvi's Monster tramples you but does no damage.
Cigotuvi's Monster stings you. Cigotuvi's Monster constricts you!
You turn into a vampire bat.
The +11 rapier "Meohaet" {venom, Int+2} melds into your body.
Your +1 cloak of invisibility melds into your body.
Your +2 helmet melds into your body.
Your +2 pair of gloves melds into your body.
Your +1 pair of boots melds into your body.
Your +6 acid dragon scales melds into your body.
The ring "Neiq Ohoejea" {rC+ Int+5} melds into your body.
Your +6 ring of protection melds into your body.
The +11 rapier "Meohaet" {venom, Int+2} stops dripping with poison.
Cigotuvi's Monster hits you!!
* * * LOW HITPOINT WARNING * * *
Cigotuvi's Monster barely misses you. Cigotuvi's Monster stings you!
* * * LOW HITPOINT WARNING * * *
You die...

###'####..# ##u###u...!#
.#...##§§.. #..###!!!##
.#...#uu§u. #..# #####
o#...#uu§.§ #..####..##
p#...##u.§§ #...##....#
###'####..# ##...':...#
.#...#.#### #...#....#
.#...#..### ##H#####.##
u#...#.....####.b.######
##...#e....#.........####
###'####..##..X###......#
.....#§######'## ####...#
...§.#§§####...### #...##
..§§§#.§§##......###...##
#..§.§§§##........####..#
###'######.........###..#
##...### #..........##..#


You could see Cigotuvi's Monster and a large abomination.

Vanquished Creatures
  Mara (Spider:3)
  Saint Roka (Orc:2)
  Arachne (Spider:2)
  Jorgrun (Vaults:1)
  A tentacled monstrosity (Vaults:2)
  Polyphemus (Shoals:4)
  Kirke (Spider:2)
  Donald (Spider:4)
  Ilsuiw (Shoals:4)
  A frost giant (IceCv)
  4 ghost moths
  8 emperor scorpions
  4 vault wardens
  9 ironheart preservers
  6 very ugly things
  2 stone giants (Vaults:2)
  A deep elf demonologist (Vaults:3)
  4 entropy weavers
  Azrael (Spider:2)
  13 merfolk impalers
  10 merfolk javelineers
  2 ettins
  2 deep elf death magi
  2 yaktaur captains (Vaults:1)
  3 fire dragons
  5 vault guards
  2 great orbs of eyes (Vaults:1)
  7 hydras
  4 ice dragons
  Harold (Lair:1)
  Erolcha (D:12)
  2 death knights
  4 catoblepae
  2 rakshasas (Vaults:1)
  Erica (Orc:1)
  2 merfolk aquamancers (Shoals:4)
  3 merfolk avatars
  9 centaur warriors
  A two-headed ogre (shapeshifter) (D:14)
  9 ogre magi
  A satyr (Shoals:3)
  24 two-headed ogres
  14 death yaks
  2 tengu warriors
  An orc high priest (Orc:1)
  An iron golem (WizLab)
  Sonja (D:12)
  3 unseen horrors
  19 skeletal warriors
  12 sea snakes
  2 unseen horrors (shapeshifter) (WizLab)
  A flayed ghost (Vaults:2)
  2 deep elf archers
  A sea snake (shapeshifter) (WizLab)
  4 wizards
  5 harpies
  A kraken simulacrum (Shoals:4)
  7 ironbrand convokers
  10 orc knights
  2 harpies (shapeshifter)
  25 orb spiders
  2 necromancers (Vaults:1)
  5 orc sorcerers
  7 deep elf magi
  23 ugly things
  A wolf spider zombie (D:15)
  2 phantasmal warriors
  2 manticores (shapeshifter)
  32 wolf spiders
  4 fauns (Shoals:1)
  3 moths of wrath
  8 slime creatures
  A salamander (shapeshifter) (D:15)
  18 manticores
  A cyclops (Shoals:4)
  11 merfolk sirens
  4 elephants (Lair:6)
  6 vault sentinels
  2 guardian serpents (shapeshifter) (WizLab)
  An ice statue (IceCv)
  8 water nymphs
  Maurice (Orc:1)
  A molten gargoyle (D:12)
  5 black mambas
  A black mamba (shapeshifter) (WizLab)
  5 torpor snails
  A gargoyle (D:12)
  13 spiny frogs
  A storm dragon simulacrum (Vaults:2)
  2 rime drakes
  A komodo dragon (shapeshifter) (WizLab)
  2 freezing wraiths
  A tormentor (Spider:2)
  19 demonic crawlers
  6 komodo dragons
  18 yaktaurs
  12 trolls
  A yaktaur (shapeshifter) (Vaults:1)
  A meliai (D:14)
  A merfolk (shapeshifter) (WizLab)
  2 tengu conjurers (D:15)
  2 trolls (shapeshifter)
  35 jumping spiders
  2 wind drakes
  A polar bear (shapeshifter) (WizLab)
  16 polar bears
  A jumping spider (shapeshifter) (Vaults:2)
  45 merfolk
  A queen bee (shapeshifter) (WizLab)
  2 meliai (shapeshifter)
  7 hornets
  4 raiju (Abyss:4)
  A raiju (shapeshifter) (WizLab)
  A stone giant simulacrum (Vaults:1)
  A hornet (shapeshifter) (WizLab)
  A meliai zombie (D:14)
  21 hippogriffs
  Grinder (D:3)
  25 blink frogs
  9 snapping turtles
  30 dream sheep
  A hippogriff (shapeshifter) (WizLab)
  77 redbacks
  A tarantella (shapeshifter) (WizLab)
  6 flying skulls (Abyss:4)
  2 wraiths
  9 water elementals
  A spriggan (shapeshifter) (WizLab)
  A hog (shapeshifter) (WizLab)
  36 tarantellas
  5 large abominations (WizLab)
  A vampire (D:15)
  24 humans
  89 yaks
  5 fire elementals
  A golden eye (shapeshifter) (WizLab)
  A wyvern (Lair:5)
  A basilisk (shapeshifter) (WizLab)
  A basilisk (D:13)
  5 hungry ghosts
  4 vampire mosquitoes
  Grum (D:10)
  5 wargs
  A swamp worm (shapeshifter) (WizLab)
  A soldier ant (D:7)
  15 water moccasins
  An acid dragon (D:12)
  3 hell hounds (Spider:2)
  4 floating eyes (WizLab)
  10 porcupines
  3 black bears
  56 orc warriors
  3 sky beasts
  8 phantoms
  2 human zombies (Vaults:1)
  An orc zombie (Vaults:1)
  38 ogres
  2 eyes of draining (shapeshifter)
  8 ice beasts
  A necrophage (D:9)
  21 wolves
  10 boggarts
  30 centaurs
  The ghost of grindst0ne the Covert, an amateur OpAs (D:3)
  21 crocodiles
  23 bullfrogs
  A yaktaur skeleton (Vaults:1)
  9 scorpions
  15 killer bees (D:9)
  10 wights
  4 electric eels
  4 howler monkeys
  3 lava snakes (D:12)
  13 crimson imps
  5 bullfrog zombies
  A human simulacrum (Vaults:1)
  14 hounds
  2 quasits
  5 centaur zombies
  36 orc priests
  5 jellies
  41 orc wizards
  5 centaur skeletons
  2 gnoll shamans
  Natasha (thrice) (D:2)
  4 bullfrog skeletons
  Terence (D:3)
  3 iguanas
  14 worker ants
  7 small abominations
  2 hound skeletons
  2 howler monkey zombies
  Robin (D:4)
  A worker ant zombie (D:11)
  17 adders
  12 gnolls
  8 shadow imps
  12 white imps (D:13)
  2 oozes
  An adder zombie (D:4)
  An adder skeleton (D:4)
  4 worms
  A dart slug (D:1)
  10 leopard geckos
  182 orcs
  7 giant cockroaches
  16 goblins
  17 hobgoblins
  6 jackals
  6 quokkas
  4 ball pythons
  14 bats
  9 frilled lizards
  A giant cockroach zombie (D:5)
  10 kobolds
  A quokka skeleton (D:5)
  A quokka zombie (D:6)
  10 rats
1818 creatures vanquished.

Vanquished Creatures (others)
  A vault warden (Vaults:2)
  A deep elf knight (Vaults:3)
  A polar bear (IceCv)
  A dream sheep (Lair:6)
  A redback (Spider:3)
  3 tarantellas
  A yak (Lair:5)
  A hungry ghost (D:12)
  2 ogres
  2 wolves (IceCv)
  28 fungi
  37 plants
  4 tentacles (Shoals:2)
83 creatures vanquished.

Grand Total: 1901 creatures vanquished

Notes
Turn   | Place    | Note
-------+----------+-------------------------------------------
     0 | D:1      | grindst0ne the Vampire Enchanter began the quest for the Orb.
     0 | D:1      | Reached XP level 1. HP: 13/13 MP: 3/3
    48 | D:1      | Reached skill level 1 in Fighting
  1051 | D:1      | Reached XP level 2. HP: 20/21 MP: 5/5
  2548 | D:1      | Reached XP level 3. HP: 28/28 MP: 6/6
  2608 | D:1      | Learned a level 3 spell: Confuse
  2611 | D:1      | Learned a level 2 spell: Ensorcelled Hibernation
  4265 | D:2      | Found an ancient bone altar of Kikubaaqudgha.
  4771 | D:2      | Reached XP level 4. HP: 21/35 MP: 3/7
  5295 | D:2      | Noticed Natasha
  5300 | D:2      | Killed Natasha
  5362 | D:2      | Found a shimmering altar of Xom.
  5654 | D:2      | Noticed Natasha
  5663 | D:2      | Killed Natasha
  5663 | D:2      | Reached skill level 5 in Hexes
  5663 | D:2      | Reached XP level 5. HP: 29/42 MP: 5/8
  6105 | D:2      | Noticed Natasha
  6112 | D:2      | Killed Natasha
  6243 | D:3      | Noticed Terence
  6256 | D:3      | Killed Terence
  6317 | D:3      | Reached XP level 6. HP: 28/48 MP: 1/9
  6872 | D:3      | Noticed Grinder
  6893 | D:3      | Killed Grinder
  7801 | D:3      | Noticed grindst0ne's ghost (amateur OpAs)
  7827 | D:3      | Killed grindst0ne's ghost
  7827 | D:3      | Reached XP level 7. HP: 48/54 MP: 7/10
  7952 | D:3      | Found a bloodstained altar of Trog.
  8241 | D:3      | Reached skill level 10 in Hexes
 10039 | D:4      | Found a staircase to the Ecumenical Temple.
 10043 | D:4      | Noticed Robin
 10342 | D:4      | Killed Robin
 10488 | Temple   | Entered the Ecumenical Temple
 10581 | Temple   | Became a worshipper of Ru the Awakened
 10740 | D:4      | Reached XP level 8. HP: 60/60 MP: 8/11
 10874 | D:4      | Got a bronze leather armour
 10885 | D:4      | Identified the +1 leather armour of Resonance {-Tele rElec rCorr Int+3} (You found it on level 4 of the Dungeon)
 11119 | D:5      | Entered Level 5 of the Dungeon
 11124 | D:4      | Reached skill level 10 in Stealth
 12436 | D:5      | Gained mutation: You are hated by all. [Ru sacrifice]
 12436 | D:5      | Reached * piety under Ru
 13059 | D:5      | Reached XP level 9. HP: 65/65 MP: 12/12
 15328 | D:6      | Reached skill level 15 in Stealth
 16759 | D:7      | Found a bloodstained altar of Trog.
 16781 | D:7      | Reached skill level 1 in Evocations
 16885 | D:7      | Found a runed door.
 18138 | D:7      | Reached skill level 5 in Short Blades
 18237 | D:7      | Got a pitted granite ring
 18242 | D:7      | Got a transparent bone amulet
 18253 | D:7      | Identified the ring of Relausk {Int+5 Dex+4} (You found it on level 7 of the Dungeon)
 18255 | D:7      | Identified the amulet of Kiebok {Inacc rElec rF+ MR-} (You found it on level 7 of the Dungeon)
 18581 | D:7      | Reached XP level 10. HP: 71/71 MP: 8/13
 18635 | D:7      | Found a shadowy altar of Dithmenos.
 19952 | D:7      | Found Isialaat's General Store.
 19960 | D:7      | Bought a potion of flight for 45 gold pieces
 20176 | D:8      | Gained mutation: You cannot study or cast Poison magic. [Ru sacrifice]
 20176 | D:8      | Gained mutation: You cannot study or cast Transmutations magic. [Ru sacrifice]
 20176 | D:8      | Gained mutation: You cannot study or cast Summoning magic. [Ru sacrifice]
 20176 | D:8      | Reached ** piety under Ru
 20271 | D:8      | Found a hazy altar of Hepliaklqana.
 20866 | D:8      | Reached skill level 5 in Evocations
 21151 | D:8      | Learned a level 3 spell: Tukima's Dance
 21203 | D:8      | Found an ornate altar of the Wu Jian Council.
 21203 | D:8      | Found a snail-covered altar of Cheibriados.
 21435 | D:8      | Found Busa Qygh's Assorted Antiques.
 21447 | D:8      | Bought a tubular silver ring for 160 gold pieces
 22679 | D:9      | Found a hide-covered altar of Uskayaw.
 23685 | D:9      | Found Wysoig's Island Escapes.
 24108 | D:9      | Bought a potion of haste for 120 gold pieces
 24108 | D:9      | Bought a scroll of blinking for 90 gold pieces
 24108 | D:9      | Bought a scroll of fog for 24 gold pieces
 24108 | D:9      | Bought a scroll of blinking for 90 gold pieces
 24108 | D:9      | Bought a scroll of fog for 24 gold pieces
 24155 | D:10     | Entered Level 10 of the Dungeon
 24162 | D:10     | Reached XP level 11. HP: 77/77 MP: 16/16
 24201 | D:10     | Found a staircase to the Lair.
 25074 | D:10     | Learned a level 2 spell: Slow
 25111 | D:10     | Learned a level 2 spell: Blink
 25177 | D:10     | Noticed Grum
 25214 | D:10     | Killed Grum
 25506 | D:10     | Found a staircase to the Orcish Mines.
 25620 | D:10     | Found Enaf's Book Shoppe.
 25910 | Lair:1   | Entered Level 1 of the Lair of Beasts
 26130 | Lair:1   | Reached skill level 10 in Short Blades
 26264 | Lair:1   | Noticed Harold
 26738 | Lair:1   | Killed Harold
 27467 | Lair:1   | Noticed a seven-headed hydra
 27470 | Lair:1   | Killed a seven-headed hydra
 27561 | Lair:1   | Reached XP level 12. HP: 83/83 MP: 12/17
 29267 | Lair:3   | Found a staircase to the Shoals.
 29328 | Lair:3   | Gained mutation: You are sensitive to extremes of temperature. (rF-, rC-) [Ru sacrifice]
 29328 | Lair:3   | Reached *** piety under Ru
 29328 | Lair:3   | Reached **** piety under Ru
 29328 | Lair:3   | Reached ***** piety under Ru
 30919 | Lair:4   | Found a hole to the Spider Nest.
 31044 | Lair:4   | Reached skill level 5 in Dodging
 31062 | Lair:4   | Upgraded the game from 0.21-a0-51-gea492e9 to 0.21-a0-52-gbf49515
 31292 | Lair:3   | Reached XP level 13. HP: 88/88 MP: 13/18
 32645 | Lair:4   | Gained mutation: You cannot drink potions while threatened. [Ru sacrifice]
 32645 | Lair:4   | Reached ****** piety under Ru
 33562 | Lair:5   | Found a staircase to the Slime Pits.
 33563 | Lair:5   | Found a viscous altar of Jiyva.
 34531 | Lair:6   | Entered Level 6 of the Lair of Beasts
 36939 | Lair:6   | Reached skill level 5 in Fighting
 38628 | Lair:5   | Reached skill level 15 in Hexes
 40119 | Lair:5   | Reached XP level 14. HP: 86/101 MP: 13/19
 42322 | Lair:6   | Reached skill level 10 in Dodging
 45004 | D:10     | Found a runed door.
 45004 | D:10     | Noticed a fire giant
 45004 | D:10     | Noticed a sphinx
 45006 | D:10     | Noticed a fire giant
 46057 | Lair:2   | Got a scorched leather armour
 46068 | Lair:2   | Identified the +1 leather armour "Zoebb" {rF+ Int+4 Dex+3} (You found it on level 2 of the Lair of Beasts)
 46288 | D:12     | Noticed Sonja
 46311 | D:12     | Killed Sonja
 46613 | D:12     | Found Duuzan's Assorted Antiques.
 46641 | D:12     | Bought a scroll labeled MIVUERYW ASA for 25 gold pieces
 46641 | D:12     | Bought a scroll of enchant weapon for 187 gold pieces
 46673 | D:12     | Found Ydafrak's Jewellery Shop.
 46734 | D:12     | Found Nugaw's Magic Scroll Shoppe.
 46798 | D:12     | Bought a scroll of identify for 32 gold pieces
 46798 | D:12     | Bought a scroll of enchant armour for 120 gold pieces
 46798 | D:12     | Bought a scroll of teleportation for 48 gold pieces
 46798 | D:12     | Bought a scroll of teleportation for 48 gold pieces
 46798 | D:12     | Bought 3 scrolls of identify for 96 gold pieces
 46798 | D:12     | Bought a scroll of identify for 32 gold pieces
 46871 | D:12     | Noticed Erolcha
 46878 | D:12     | Killed Erolcha
 46911 | D:12     | Found Zeoss's Armour Shop.
 46950 | D:12     | Bought a +2 pair of gloves for 181 gold pieces
 47247 | D:13     | Found a frozen archway.
 47315 | IceCv    | Entered an ice cave
 49126 | IceCv    | Noticed a frost giant
 49357 | IceCv    | Killed a frost giant
 49375 | IceCv    | Got a glittering jade ring
 49391 | IceCv    | Identified the ring "Neiq Ohoejea" {rC+ Int+5} (You found it in an ice cave)
 49459 | D:13     | Reached XP level 15. HP: 111/113 MP: 16/20
 49798 | D:13     | Cast into level 3 of the Abyss (a wizard)
 49892 | D:13     | Escaped the Abyss
 50156 | D:13     | Found a gate to the Vaults.
 50816 | D:14     | Found a bloodstained altar of Trog.
 54921 | D:15     | Entered Level 15 of the Dungeon
 55167 | D:15     | Found Mileso Nuoj's Weapon Emporium.
 55799 | D:15     | Reached skill level 10 in Fighting
 56528 | D:15     | Reached XP level 16. HP: 99/122 MP: 5/21
 57184 | D:15     | Found a staircase to the Depths.
 57793 | Orc:1    | Entered Level 1 of the Orcish Mines
 58304 | Orc:1    | Paralysed by an orc sorcerer for 7 turns
 59260 | Orc:1    | Noticed Erica
 59748 | Orc:1    | Killed Erica
 59905 | Orc:1    | Noticed Maurice
 59912 | Orc:1    | Killed Maurice
 59976 | Orc:2    | Entered Level 2 of the Orcish Mines
 59994 | Orc:2    | Found a staircase to the Elven Halls.
 60070 | Orc:2    | Found a roughly hewn altar of Beogh.
 60171 | Orc:2    | Found a roughly hewn altar of Beogh.
 60524 | Orc:2    | Found a roughly hewn altar of Beogh.
 60529 | Orc:2    | Found Jycyhick's Weapon Shop.
 60557 | Orc:2    | Found a roughly hewn altar of Beogh.
 61157 | Orc:2    | Found a roughly hewn altar of Beogh.
 61254 | Orc:2    | Noticed Saint Roka
 62389 | Orc:2    | Found Isegiuq's Antique Weapon Emporium.
 62392 | Orc:2    | Found a roughly hewn altar of Beogh.
 62403 | Orc:2    | Killed Saint Roka
 62405 | Orc:2    | Found Qateg's Antique Armour Shoppe.
 62415 | Orc:2    | Bought a polished rapier for 261 gold pieces
 62415 | Orc:2    | Identified the +11 rapier "Meohaet" {venom, Int+2} (You bought it in a shop on level 2 of the Orcish Mines)
 62478 | Orc:2    | Found a roughly hewn altar of Beogh.
 63226 | Orc:2    | Found a roughly hewn altar of Beogh.
 63229 | Orc:2    | Found Xijuen's Weapon Emporium.
 63778 | Spider:1 | Entered Level 1 of the Spider Nest
 66785 | Spider:2 | Noticed Kirke
 66793 | Spider:2 | Killed Kirke
 66875 | Spider:2 | Noticed Azrael
 67231 | Spider:2 | Killed Azrael
 67293 | Spider:2 | Noticed Arachne
 67335 | Spider:2 | Killed Arachne
 67335 | Spider:2 | Reached skill level 15 in Dodging
 67358 | Spider:2 | Reached XP level 17. HP: 121/133 MP: 15/22
 68097 | Spider:2 | Cast into level 4 of the Abyss (the power of Zot)
 68262 | Abyss:4  | Found an iron altar of Okawaru.
 68308 | Abyss:4  | Found a corrupted altar of Lugonu.
 68625 | Abyss:4  | Noticed a bone dragon
 68786 | Abyss:4  | Noticed a profane servitor
 68875 | Spider:2 | Escaped the Abyss
 69764 | Spider:2 | Noticed Roxanne
 70752 | Spider:3 | Noticed Mara
 70754 | Spider:3 | Killed Mara
 72527 | Spider:4 | Entered Level 4 of the Spider Nest
 73339 | Spider:4 | Noticed Donald
 73341 | Spider:4 | Killed Donald
 75005 | Spider:4 | Reached XP level 18. HP: 103/145 MP: 1/23
 76196 | Spider:4 | Got a gossamer rune of Zot
 76231 | Spider:4 | Upgraded the game from 0.21-a0-52-gbf49515 to 0.21-a0-55-gb612c23
 76384 | Shoals:1 | Entered Level 1 of the Shoals
 76604 | Shoals:1 | Identified the +11 long sword "Orb Guardian's Doom" {flame, rC+ Dex+6} (You found it on level 1 of the Shoals)
 76697 | Shoals:1 | Reached skill level 1 in Armour
 76987 | Shoals:1 | Identified a scroll of acquirement
 76992 | Shoals:1 | Got a clouded ivory amulet
 76994 | Shoals:1 | Identified the amulet "Ygokad" {RegenMP rF+ rC+} (You acquired it on level 1 of the Shoals)
 79579 | Shoals:4 | Entered Level 4 of the Shoals
 80291 | Shoals:4 | Reached skill level 5 in Armour
 80455 | Shoals:4 | Noticed Ilsuiw
 80467 | Shoals:4 | Noticed Polyphemus
 81262 | Shoals:4 | Got a barnacled rune of Zot
 81923 | Shoals:4 | Killed Polyphemus
 81960 | Shoals:4 | Reached XP level 19. HP: 152/152 MP: 22/25
 82561 | Shoals:4 | Killed Ilsuiw
 83955 | Vaults:1 | Entered Level 1 of the Vaults
 84717 | Vaults:1 | Noticed Jorgrun
 84726 | Vaults:1 | Killed Jorgrun
 89038 | Vaults:2 | Found a staircase to the Crypt.
 89426 | Vaults:2 | Reached XP level 20. HP: 158/159 MP: 22/26
 92311 | Vaults:3 | Found a magical portal.
 92315 | WizLab   | Entered Cigotuvi's Fleshworks
 92707 | WizLab   | Identified the Handbook of Transmutation
 92709 | WizLab   | Identified Cigotuvi's Grimoire of the Apprentice
 92711 | WizLab   | Identified the Papyrus of Changing
 93304 | WizLab   | Paralysed by a floating eye for 3 turns
 93315 | WizLab   | Paralysed by a floating eye for 2 turns
 93378 | WizLab   | Got a transparent bone amulet
 93380 | WizLab   | Identified the amulet of Jiggov {+Rage +Fly rElec rN++ Int-2} (You found it in a wizard's laboratory)
 93428 | WizLab   | Paralysed by a floating eye for 4 turns
 93801 | WizLab   | Mangled by Cigotuvi's Monster

Vault maps used:
D:1:      eino_arrival_cavern_d
D:2:      kiku_gazebo_pond_becter, brannock_xom_greatest_gift, uniq_natasha
D:3:      lightli_temple_of_fire, kennysheep_cross_bottleneck, uniq_terence,
          uniq_grinder
D:4:      minmay_temple_entry_grid, first_bread, uniq_robin
D:5:      hangedman_abyss_or_decor_stabs
D:6:      portal_sewer_entry_b
D:7:      minmay_the_grid_triangle_9x9_rhombus_full, grunt_dithmenos_smoke,
          basic_altar, serial_shops, shop_fountains
D:8:      old_standard_altar, gammafunk_temple_overflow_elements, serial_shops,
          nicolae_shop_trees
D:9:      eat_drink_and_be_merry_uskayaw, david_nohive_1, stair_cage_line,
          minmay_misc_feat_ornament, minmay_misc_feat_hallway,
          nicolae_two_hexagons, nicolae_island_escapes
D:10:     minmay_gate_of_8, lair_entry_dummy, hiddenorc2_lemuel, serial_shops,
          shop, uniq_grum
D:11:     kennysheep_generic_room_2
D:12:     erik_rubicon_a, serial_shops, nicolae_shop_statue_plus,
          kennysheep_little_box, shop, shop, uniq_erolcha, uniq_sonja
D:13:     grunt_vaults_entry_tiered, portal_ice_cave_entry_imps
D:14:     basic_altar, fountainhead, minmay_statue_bubble
D:15:     grunt_enter_depths_hoard, minmay_splitting_lines, serial_shops, shop,
          hangedman_decor_lopped
Temple:   regret_index_temple_waves
Lair:1:   uniq_harold
Lair:2:   minivault_27, infiniplex_staircase_pool
Lair:3:   minmay_shoals_entry_beasts, serial_bayou_pond_a, hibernation_bobbens
Lair:4:   nicolae_spider_entry_orb_guardian
Lair:5:   slime_altar_1
Lair:6:   evilmike_catoblepas_cave, enter_volcano_1
Shoals:1: nicolae_shoals_flooded_hall
Shoals:3: nicolae_shoals_cliffside_cave, nicolae_shoals_so_close
Shoals:4: shoals_end_grunt_ice, shoals_ilsuiw_ice, uniq_polyphemus
Spider:2: guppyfry_spider_mini_2, uniq_kirke, uniq_azrael, uniq_arachne,
          uniq_roxanne
Spider:3: uniq_mara
Spider:4: grunt_spider_rune_circles, spider_trap, uniq_donald
Orc:1:    uniq_erica, uniq_maurice
Orc:2:    grunt_orc_community_town_hall, grunt_orc_community_big_house_1,
          grunt_orc_community_big_house_2, grunt_orc_community_house_2,
          grunt_orc_community_house_3, grunt_orc_community_house_1,
          grunt_orc_community_house_1, grunt_orc_community_house_3,
          grunt_orc_community_house_3, basic_altar, nicolae_orc_stony_grotto,
          uniq_saint_roka
Vaults:1: hangedman_vaults_pinch, hangedman_vaults_stitches, v_misc_14,
          v_misc_10, nicolae_vaults_three_branches, hangedman_vaults_river_flow,
          nicolae_vaults_little_squares_6, nicolae_vaults_little_squares_3,
          v_pattern_2, ontoclasm_vaults_gateway,
          ontoclasm_vaults_decontamination, vaults_room_stairs_pillars,
          vaults_dpeg_encased_lava, uniq_jorgrun
Vaults:2: nicolae_vaults_network_barrier, vaults_dpeg_ring,
          minmay_crypt_entry_simple_statues, v_misc_9,
          nicolae_vaults_stairing_the_circle, hangedman_vaults_impose,
          vaults_mumra_hex, nicolae_vaults_windows_and_doors_thing,
          nicolae_vaults_big_angled_halls, serial_ice_m,
          vaults_standard_mumra_x, vaults_room_glass_cross
Vaults:3: v_misc_11, nicolae_vaults_good_morning_starshine,
          ontoclasm_vaults_idyll, hangedman_vaults_hat, v_misc_29,
          hangedman_vaults_snaps, hangedman_vaults_cutoff,
          nicolae_vaults_shelves_hall, vaults_dpeg_cross, mu_enter_wizlab_7
Abyss:3:  grunt_abyss_rune_forest_and_sorcery, serial_sigils_hangedman_quiver,
          minivault_5
Abyss:4:  grunt_abyss_exit_deep_breaths, serial_sigils_hangedman_snap
IceCv:    ice_cave_caverns_03
WizLab:   wizlab_cigotuvi

Skill      XL: |  1  2  3  4  5  6  7  8  9 10 11 12 13 14 15 16 17 18 19 20 |
---------------+-------------------------------------------------------------+-----
Fighting       | 1 2 3 4 6 9 10 11 13 14 | 14.1
Hexes          | 5 7 9 10 14 15 17 19 21 23 | 23.1
Stealth        | 8 13 15 17 18 19 22 23 | 23.5
Evocations     | 4 7 9 |  9.0
Short Blades   | 5 8 11 13 14 | 14.1
Dodging        | 5 9 11 13 15 17 19 | 19.0
Armour         | 6 |  6.2
Spellcasting   | |  2.0

Action                   |  1- 3 |  4- 6 |  7- 9 | 10-12 | 13-15 | 16-18 | 19-21 || total
-------------------------+-------+-------+-------+-------+-------+-------+-------++-------
Melee: Dagger            |    53 |       |       |       |       |       |       ||    53
       Bite              |    10 |    15 |    39 |   108 |    88 |   106 |   101 ||   467
       Short sword       |    84 |   133 |   479 |   863 |   208 |       |       ||  1767
       Falchion          |       |    10 |       |       |       |       |       ||    10
       Unarmed           |       |       |     2 |       |     1 |     5 |     1 ||     9
       Quick blade       |       |       |       |       |   675 |   331 |       ||  1006
       Rapier            |       |       |       |       |       |  1033 |   813 ||  1846
 Cast: Confuse           |     1 |     6 |    20 |    42 |   128 |   137 |   113 ||   447
       Ensorcelled Hiber |       |     8 |   105 |   229 |   409 |   518 |   289 ||  1558
       Tukima's Dance    |       |       |       |     2 |       |       |       ||     2
Invok: Sacrifice Love    |       |       |     1 |       |       |       |       ||     1
       Sacrifice Arcana  |       |       |       |     1 |       |       |       ||     1
       Reject Sacrifices |       |       |       |     1 |       |       |       ||     1
       Sacrifice Resista |       |       |       |     1 |       |       |       ||     1
       Sacrifice Drink   |       |       |       |       |     1 |       |       ||     1
       Power Leap        |       |       |       |       |       |     4 |     1 ||     5
       Apocalypse        |       |       |       |       |       |     2 |     1 ||     3
       Draw Out Power    |       |       |       |       |       |     3 |     1 ||     4
 Abil: Bat Form          |       |       |     6 |     8 |    23 |    19 |    13 ||    69
       End Transformatio |       |       |     6 |     8 |    23 |    19 |    12 ||    68
       Evoke Invisibilit |       |       |       |       |       |     2 |       ||     2
Evoke: Wand              |       |       |       |     5 |    72 |    17 |       ||    94
  Use: Potion            |     5 |     4 |    22 |    23 |    29 |    36 |    16 ||   135
       Scroll            |       |       |    15 |     6 |    21 |    22 |    10 ||    74
 Stab: Sleeping          |    11 |    20 |    54 |   153 |   233 |   339 |   165 ||   975
       Confused          |       |     4 |    27 |    28 |    76 |    66 |    51 ||   252
       Distracted        |       |       |     5 |     5 |    11 |    19 |     6 ||    46
       Invisible         |       |       |       |     2 |     7 |     6 |     7 ||    22
       Paralysed         |       |       |       |       |     2 |     3 |     6 ||    11
       Petrified         |       |       |       |       |     1 |       |       ||     1
Armor: Robe              |    25 |    29 |    43 |       |       |       |       ||    97
       Leather armour    |       |       |   119 |       |    46 |    62 |       ||   227
       Acid dragon scale |       |       |     1 |   222 |    78 |   218 |   168 ||   687
Dodge: Dodged            |    86 |    82 |   315 |   323 |   464 |  1170 |   744 ||  3184
       Rpst.: Falchion   |       |     1 |       |       |       |       |       ||     1
